 Dungeon Crawl Stone Soup version 0.21.1-1-g345015f (webtiles) character file.

389 letownia2 the Insei (level 6, 0/43 HPs)
             Began as a Merfolk Transmuter on Mar 20, 2018.
             Succumbed to a worker ant's poison
             ... on level 4 of the Dungeon.
             The game lasted 00:05:10 (876 turns).

letownia2 the Insei (Merfolk Transmuter)             Turns: 876, Time: 00:05:11

Health: 0/43       AC:  2    Str: 12    XL:     6   Next: 79%
Magic:  7/9        EV: 20    Int: 13    God:
Gold:   121        SH:  0    Dex: 16    Spells: 3/9 levels left

rFire    . . .     SeeInvis .     - Unarmed
rCold    . . .     Gourm    .   (shield currently unavailable)
rNeg     . . .     Faith    .   (armour currently unavailable)
rPois    x         Spirit   .   (helmet currently unavailable)
rElec    .         Reflect  .   (cloak currently unavailable)
rCorr    .         Harm     .   (gloves currently unavailable)
MR       .....                  (boots currently unavailable)
Stlth    ++........             (no amulet)
HPRegen  0.14/turn              g - ring of stealth
MPRegen  0.11/turn              u - -3 ring of dexterity (curse)

@: lethally poisoned (0 -> -3), spider-form
A: tiny, (change form in water), (swift swim), (stealthy swim)
a: End Transformation


You were on level 4 of the Dungeon.
You were not hungry.
You were a venomous arachnid creature.
You visited 1 branch of the dungeon, and saw 5 of its levels.

You collected 121 gold pieces.

Inventory:

Missiles
 a - 12 arrows
 m - 16 sling bullets
Armour
 b - a +0 robe (melded)
 k - a +0 scale mail
 n - a +0 leather armour
Jewellery
 g - a ring of stealth (left front leg)
 u - a cursed -3 ring of dexterity (right front leg)
Wands
 i - a wand of random effects (15)
 p - a wand of paralysis (16)
 v - a wand of digging (3)
Scrolls
 e - a scroll of fog {unknown}
 f - 2 scrolls of remove curse {unknown}
 h - a scroll of identify {unknown}
 l - 2 scrolls of teleportation {unknown}
 r - a scroll of noise {unknown}
 t - a scroll of amnesia {unknown}
Potions
 j - a potion of heal wounds {unknown}
 o - a potion of haste {unknown}
 q - a potion of curing {unknown}
Books
 c - a book of Changes

   Spells                             Type                      Level
   a - Beastly Appendage              Transmutation                1
   b - Sticks to Snakes               Transmutation                2
   c - Spider Form                    Transmutation/Poison         3
   d - Ice Form                       Ice/Transmutation            4
   e - Blade Hands                    Transmutation                5
Comestibles
 d - 4 rations


   Skills:
 - Level 1.6 Fighting
 - Level 2.6 Dodging
 + Level 6.1 Unarmed Combat
 - Level 2.3 Spellcasting
 + Level 5.9 Transmutations
 - Level 1.6 Poison Magic


You had 3 spell levels left.
You knew the following spells:

 Your Spells              Type           Power        Failure   Level  Hunger
a - Beastly Appendage     Tmut           ###...       9%          1    #......
l - Sticks to Snakes      Tmut           ###.....     11%         2    ###....
p - Spider Form           Tmut/Pois      ##........   34%         3    ###....


Dungeon Overview and Level Annotations

Branches:
Dungeon (5/15)
 Temple: D:4-7

Altars:


Message History

You feel sick.
You feel sick.
An iguana comes into view.
You feel sick.
You see here 14 gold pieces.
You now have 121 gold pieces (gained 14).
You feel sick.
The iguana hisses angrily.
You hit the iguana.
The iguana is poisoned.
The iguana is moderately wounded.
The iguana bites you!
* * * LOW HITPOINT WARNING * * *
Unknown command.
You hit the iguana.
The iguana looks as sick as possible!
The iguana is heavily wounded.
* * * LOW HITPOINT WARNING * * *
You feel sick.
Unknown command.
Unknown command.
You die...

.)..........#
#####.......#
###.....##'#########
..'.....##..........
###.....###.(.##### #
##......'...'..# #
########...##.#####.#
##8###8#...##......>.
.S....(....##s#
..............#
.........##l###
##8###8####.....# #
## #######


You could see an iguana.

Vanquished Creatures
  A centaur (D:5)
  2 ogres (D:4)
  The ghost of letownia2 the Insei, a weakling MfTm of Cheibriados (D:4)
  2 worker ants (D:4)
  3 adders
  An ooze (D:4)
  An orc (D:3)
  2 giant cockroaches
  3 goblins
  3 hobgoblins
  2 quokkas
  2 ball pythons (D:2)
  A ball python skeleton (D:5)
  9 bats
  2 frilled lizards
  2 kobolds (D:1)
  3 rats (D:3)
40 creatures vanquished.

Notes
Turn   | Place    | Note
-------+----------+-------------------------------------------
     0 | D:1      | letownia2 the Merfolk Transmuter began the quest for the Orb.
     0 | D:1      | Reached XP level 1. HP: 15/15 MP: 3/3
    90 | D:1      | Reached XP level 2. HP: 15/21 MP: 5/5
    93 | D:1      | Reached skill level 4 in Unarmed Combat
   200 | D:2      | Learned a level 2 spell: Sticks to Snakes
   266 | D:3      | Found a faded altar of an unknown god.
   306 | D:3      | Reached XP level 3. HP: 18/26 MP: 4/6
   346 | D:3      | Learned a level 3 spell: Spider Form
   431 | D:3      | Reached skill level 1 in Poison Magic
   611 | D:4      | Noticed an ogre
   620 | D:4      | Killed an ogre
   620 | D:4      | Reached XP level 4. HP: 21/32 MP: 3/7
   620 | D:4      | Reached XP level 5. HP: 25/37 MP: 3/8
   667 | D:4      | Noticed letownia2's ghost (weakling MfTm)
   678 | D:5      | Entered Level 5 of the Dungeon
   678 | D:5      | Noticed a centaur
   695 | D:5      | Killed a centaur
   695 | D:5      | Reached skill level 5 in Unarmed Combat
   738 | D:4      | Killed letownia2's ghost
   738 | D:4      | Reached skill level 5 in Transmutations
   738 | D:4      | Reached XP level 6. HP: 26/43 MP: 5/9
   844 | D:4      | Reached skill level 6 in Unarmed Combat
   873 | D:4      | HP: 2/43 [iguana (13)]
   876 | D:4      | Succumbed to a worker ant's poison

Skill      XL: |  1  2  3  4  5  6 |
---------------+-------------------+-----
Unarmed Combat | 4 5 6 |  6.1
Transmutations | 3 5 |  5.9
Poison Magic   | 1 |  1.6
Fighting       | |  1.6
Dodging        | |  2.6
Spellcasting   | |  2.3

Action                   |  1- 3 |  4- 6 || total
-------------------------+-------+-------++-------
Melee: Unarmed           |    97 |    30 ||   127
       Headbutt          |    10 |       ||    10
       Tailslap          |     2 |       ||     2
       Punch             |     1 |       ||     1
 Cast: Beastly Appendage |    12 |       ||    12
       Spider Form       |     1 |     5 ||     6
Evoke: Wand              |     2 |       ||     2
 Stab: Sleeping          |     1 |       ||     1
  Eat: Chunk             |       |     1 ||     1
Armor: Robe              |    29 |     1 ||    30
Dodge: Dodged            |    96 |    19 ||   115
